Map: [ESL] Curious Minds

Players

Astrea - Winner!

  • Race: Protoss Protoss

SKillous

  • Race: Protoss Protoss

Event: IEM Katowice 2022

VOD

Have the link to the VOD?

Description

Time

  • Played on: Feb. 23, 2022, 10:53 a.m.
  • Length: 3:52

All games in this series

Show
View Real Time Build Order
Export as new Build Order

Astrea Protoss - Winner!

Build Orders:  

Get SALT Encoding   

  12  0:00  Probe  
  13  0:12  Probe  
  14  0:24  Probe  
  15  0:28  Pylon  
  15  0:47  Gateway x2  
  16  0:50  Probe  
  16  0:56  Assimilator  
  16  1:02  Probe  
  17  1:05  Pylon  
  17  1:14  Probe  
  18  1:26  Probe  
  18  1:32  Zealot x2 (Chrono Boost)  
  19  1:39  Cybernetics Core  
  23  1:41  Probe  
  26  1:56  Zealot (Chrono Boost)  
  26  1:57  Zealot (Chrono Boost)  
  28  2:01  Pylon  
  28  2:08  Probe  
  29  2:20  Shield Battery  
  31  2:22  Stalker (Chrono Boost)  
  31  2:24  Stalker (Chrono Boost)  
  33  2:34  Shield Battery  
  34  2:54  Stalker x2 (Chrono Boost)  
  36  3:14  Pylon  
  40  3:34  Probe  
  41  3:50  Nexus  
Show
View Real Time Build Order
Export as new Build Order

SKillous Protoss 

Build Orders:  

Get SALT Encoding   

  12  0:00  Probe  
  13  0:12  Probe  
  14  0:19  Pylon  
  14  0:24  Probe  
  15  0:37  Probe (Chrono Boost)  
  15  0:38  Gateway  
  16  0:47  Assimilator, Probe (Chrono Boost)  
  17  0:52  Probe (Chrono Boost)  
  18  0:58  Assimilator  
  18  1:03  Probe (Chrono Boost)  
  19  1:13  Probe (Chrono Boost)  
  19  1:18  Probe (Chrono Boost)  
  20  1:24  Gateway  
  20  1:25  Cybernetics Core  
  21  1:30  Probe  
  22  1:35  Pylon  
  22  1:42  Probe  
  24  2:02  Adept (Chrono Boost)  
  25  2:10  Pylon  
  25  2:11  Shield Battery  
  25  2:12  Shield Battery  
  25  2:13  Shield Battery  
  25  2:23  Gateway  
  25  2:25  Adept (Chrono Boost)  
  27  2:42  Stargate  
  27  2:51  Shield Battery  
  27  3:06  Probe  
  28  3:14  Shield Battery  
  28  3:16  Shield Battery  

Tags
 
Add a new tag
Caveats
  • Supply blocks, unpowered buildings, or Contaminate may cause inaccurate times.
  • Supply counts are checked every 10 seconds.